Map: Dusk Towers

Players

Bails

  • Race: Protoss Protoss
  • League: Grandmaster

AcerBly (Bly) - Winner!

  • Race: Zerg Zerg

VOD

Have the link to the VOD?

Description

Time

  • Played on: Dec. 14, 2015, 7:36 p.m.
  • Length: 25:18
Show
View Real Time Build Order
Export as new Build Order

Bails Protoss 

Build Orders: Nexus First 

Get SALT Encoding   

  12  0:00  Probe (Chrono Boost)  
  13  0:11  Probe (Chrono Boost)  
  14  0:18  Pylon  
  14  0:22  Probe (Chrono Boost)  
  15  0:36  Probe (Chrono Boost)  
  16  0:47  Probe (Chrono Boost)  
  17  0:58  Nexus  
  17  1:07  Gateway  
  17  1:10  Probe (Chrono Boost)  
  18  1:19  Assimilator  
  18  1:20  Probe (Chrono Boost)  
  18  1:23  Assimilator  
  19  1:31  Probe (Chrono Boost)  
  20  1:42  Probe (Chrono Boost)  
  20  1:45  Gateway  
  21  1:52  Probe (Chrono Boost)  
  22  1:54  Cybernetics Core  
  22  2:03  Probe (Chrono Boost)  
  23  2:10  Probe (Chrono Boost)  
  23  2:13  Probe (Chrono Boost)  
  25  2:20  Probe (Chrono Boost)  
  26  2:24  Probe (Chrono Boost)  
  27  2:30  Adept (Chrono Boost)  
  27  2:31  Probe (Chrono Boost)  
  27  2:32  Adept (Chrono Boost)  
  27  2:34  Probe  
  33  2:38  Pylon  
  33  2:43  Probe  
  34  2:47  Mothership Core (Chrono Boost)  
  36  2:56  Probe (Chrono Boost), Pylon  
  37  3:08  Probe (Chrono Boost)  
  37  3:11  Pylon  
  38  3:14  Probe (Chrono Boost)  
  38  3:17  Warp Gate (Chrono Boost)  
  38  3:19  Probe (Chrono Boost)  
  40  3:24  Pylon  
  40  3:25  Stalker, Probe (Chrono Boost)  
  40  3:27  Adept  
  45  3:30  Probe (Chrono Boost)  
  46  3:35  Probe (Chrono Boost)  
  46  3:40  Probe (Chrono Boost)  
  48  3:46  Probe (Chrono Boost)  
  48  3:47  Stargate  
  48  3:48  Stargate  
  49  3:49  Assimilator  
  49  3:51  Probe (Chrono Boost)  
  50  3:56  Probe (Chrono Boost)  
  50  3:57  Assimilator  
  50  4:01  Probe (Chrono Boost)  
  52  4:07  Probe (Chrono Boost)  
  53  4:12  Probe (Chrono Boost)  
  53  4:15  Pylon  
  50  4:17  Probe (Chrono Boost)  
  52  4:29  Robotics Facility  
  52  4:30  Probe (Chrono Boost)  
  53  4:32  Phoenix x2 (Chrono Boost)  
  53  4:36  Nexus  
  56  4:38  Probe, Pylon  
  56  4:41  Probe  
  58  4:47  Pylon  
  58  4:50  Probe  
  59  4:55  Probe  
  59  4:57  Phoenix x2 (Chrono Boost)  
  64  5:02  Probe  
  65  5:07  Probe  
  65  5:13  Gateway  
  66  5:14  Probe, Pylon  
  66  5:17  Observer  
  66  5:19  Probe  
  69  5:21  Robotics Bay  
  69  5:25  Phoenix (Chrono Boost)  
  69  5:26  Probe  
  72  5:31  Phoenix (Chrono Boost)  
  72  5:32  Probe  
  75  5:38  Probe  
  75  5:42  Gateway  
  76  5:43  Sentry  
  76  5:44  Gateway  
  76  5:45  Probe  
  76  5:47  Probe, Observer  
  81  5:50  Probe  
  81  5:54  Adept  
  84  5:57  Probe  
  84  5:58  Probe  
  84  6:02  Pylon  
  84  6:03  Probe  
  87  6:04  Pylon  
  87  6:08  Assimilator  
  87  6:10  Probe, Assimilator  
  88  6:13  Twilight Council, Disruptor  
  88  6:16  Probe  
  88  6:17  Pylon  
  92  6:22  Forge  
  92  6:25  Probe, Pylon  
  93  6:28  Pylon  
  93  6:29  Probe  
  93  6:32  Stalker, Sentry  
  98  6:42  Stalker x3  
  102  6:48  Blink (Chrono Boost)  
  102  6:49  Immortal  
  106  6:56  Pylon  
  106  7:03  Protoss Ground Weapons Level 1 (Chrono Boost)  
  106  7:06  Stalker  
  106  7:07  Stalker  
  110  7:10  Pylon  
  110  7:11  Pylon  
  110  7:15  Adept x2  
  110  7:16  Adept  
  110  7:21  Photon Cannon  
  116  7:23  Pylon  
  116  7:28  Disruptor  
  119  7:38  Nexus  
  119  7:40  Probe x3  
  119  7:41  Pylon  
  119  7:42  Pylon  
  121  7:53  Probe  
  121  7:54  Templar Archives  
  122  7:58  Robotics Facility  
  122  8:02  Probe  
  122  8:04  Immortal  
  127  8:06  Probe  
  127  8:10  Forge, Zealot x2  
  127  8:11  Stalker  
  127  8:12  Stalker x2  
  138  8:23  Probe  
  138  8:24  Probe  
  140  8:32  High Templar x2  
  144  8:36  Gateway, Archon  
  144  8:39  Gateway x2  
  144  8:44  Assimilator  
  144  8:46  Immortal, Photon Cannon x2  
  147  8:50  Protoss Ground Weapons Level 2 (Chrono Boost), Assimilator  
  147  8:54  Protoss Ground Armor Level 1 (Chrono Boost)  
  147  8:55  Immortal  
  151  9:03  Probe x3  
  151  9:04  Probe, Charge  
  155  9:11  Gateway  
  155  9:12  High Templar x2  
  155  9:14  Gateway, Pylon  
  155  9:16  Archon  
  159  9:18  Adept  
  161  9:24  Pylon  
  161  9:25  Pylon  
  161  9:27  Pylon  
  161  9:29  Immortal  
  165  9:35  Psionic Storm  
  165  9:41  Immortal  
  165  9:43  Pylon  
  169  9:51  High Templar x2  
  169  9:52  High Templar  
  175  9:56  Photon Cannon  
  175  9:58  Pylon  
  175  10:10  Immortal  
  179  10:14  High Templar  
  181  10:22  Immortal, Gateway  
  181  10:24  Gateway  
  181  10:27  Pylon  
  185  10:29  Stalker  
  185  10:30  Stalker x4  
  195  10:36  Resonating Glaives  
  193  10:52  Immortal, Pylon  
  193  10:56  Nexus  
  197  10:57  Pylon  
  193  11:05  Immortal  
  193  11:10  Pylon  
  193  11:11  Adept  
  195  11:12  Photon Cannon x2  
  195  11:15  Photon Cannon  
  195  11:16  Protoss Ground Armor Level 2  
  195  11:21  Gateway  
  195  11:22  Gateway  
  195  11:25  Fleet Beacon  
  195  11:26  Protoss Air Weapons Level 1 (Chrono Boost)  
  195  11:31  Stargate  
  195  11:33  Protoss Ground Weapons Level 3  
  193  11:41  Void Ray  
  197  11:56  Photon Cannon  
  197  11:58  Photon Cannon  
  197  12:00  Warp Prism  
  199  12:01  Assimilator  
  199  12:02  Observer  
  199  12:04  Observer Gravitic Boosters  
  199  12:07  Assimilator  
  200  12:29  Tempest  
  192  12:35  Tempest  
  196  12:45  Nexus  
  196  12:47  Tempest  
  199  12:58  Dark Shrine  
  199  13:23  Assimilator  
  198  14:05  Nexus  
  198  14:13  Oracle  
  198  14:23  Pylon x2  
  199  14:25  Pylon  
  199  14:27  Pylon  
  199  14:28  Pylon  
  199  14:29  Pylon x2  
  199  14:32  Pylon  
  199  14:41  Nexus  
  199  14:43  Pylon  
  185  14:56  Tempest  
  182  15:01  Tempest x2  
  182  15:04  High Templar x2  
  192  15:10  Stalker x3  
  192  15:11  Stalker x2  
  197  15:16  Stalker  
  197  15:18  Pylon  
  188  15:33  Tempest  
  182  15:46  Tempest  
  182  15:47  Tempest  
  182  15:48  Immortal x2  
  189  16:01  High Templar  
  189  16:02  High Templar  
  193  16:05  Archon  
  193  16:08  High Templar x2  
  197  16:20  Protoss Shields Level 1  
  197  16:22  Protoss Air Weapons Level 2 (Chrono Boost)  
  197  16:33  Nexus, Oracle  
  194  17:03  Tempest  
  176  17:40  Phoenix  
  176  17:43  Phoenix  
  177  17:46  Probe  
  177  17:47  Probe x3  
  183  17:55  Stalker x3  
  186  17:59  Probe  
  186  18:03  Dark Templar x2, Probe  
  186  18:04  Probe x2  
  193  18:06  Probe  
  193  18:10  Probe  
  196  18:15  Probe x2  
  196  18:16  Probe  
  196  18:18  Probe  
  200  18:27  Pylon  
  184  19:01  Stalker x2  
  184  19:02  Stalker  
  188  19:19  High Templar x3  
  194  20:10  Pylon  
  194  20:12  Templar Archives, Pylon  
  190  20:21  Probe  
  176  20:45  Probe  
  176  20:49  High Templar x3  
  182  20:56  Probe, High Templar, Archon  
  175  21:14  High Templar x2  
  175  21:15  High Templar x2  
  180  21:19  Archon x2  
  180  21:22  Probe  
  180  21:24  Probe x3  
  180  21:25  Probe  
  180  21:32  Probe  
  183  21:34  Probe x2  
  183  21:35  High Templar x4  
  183  21:36  High Templar  
  194  21:42  Archon x2  
  194  21:47  Observer x2  
  196  21:56  Cybernetics Core  
  194  22:36  Archon  
  194  22:41  Probe x3  
  184  22:51  Stargate  
  184  22:53  Stargate  
  184  22:54  Pylon, Stargate  
  180  22:59  Stalker x5  
  180  23:03  Probe x2  
  190  23:13  Probe  
  178  23:40  Void Ray (Chrono Boost)  
  178  23:41  Void Ray (Chrono Boost), Oracle (Chrono Boost)  
  189  23:58  Photon Cannon  
  189  24:01  Photon Cannon  
  189  24:04  Nexus  
  189  24:16  High Templar x4  
  189  24:23  Archon x2  
  183  24:26  Void Ray x3 (Chrono Boost)  
  119  24:47  Probe  
  119  24:49  Stalker x8  
  119  24:50  Stalker x2, Probe  
Show
View Real Time Build Order
Export as new Build Order

AcerBly Zerg - Winner!

Build Orders: Hatch First, Lurkers 

Get SALT Encoding   

  12  0:01  Drone  
  13  0:13  Overlord  
  13  0:17  Drone  
  14  0:32  Drone x2  
  14  0:35  Drone  
  17  0:53  Hatchery  
  16  1:05  Spawning Pool  
  16  1:08  Drone  
  16  1:11  Drone  
  17  1:15  Drone  
  18  1:35  Hatchery  
  17  1:41  Drone  
  18  1:53  Zergling x6  
  21  1:58  Extractor, Queen  
  23  2:06  Zergling x2  
  24  2:08  Queen  
  24  2:15  Overlord  
  26  2:20  Drone  
  26  2:21  Drone  
  28  2:30  Overlord  
  28  2:34  Drone  
  29  2:37  Queen  
  31  2:47  Queen  
  33  2:51  Drone  
  33  2:52  Drone  
  34  3:01  Drone x3  
  34  3:02  Drone  
  38  3:10  Drone x3  
  40  3:13  Extractor x2  
  40  3:16  Drone  
  38  3:20  Drone x2  
  38  3:21  Drone  
  38  3:23  Drone  
  42  3:30  Overlord  
  42  3:32  Drone x2  
  44  3:34  Drone  
  44  3:40  Drone x2  
  44  3:41  Drone x2  
  48  3:48  Zergling x4  
  50  3:50  Overlord  
  50  3:53  Drone x2  
  50  3:54  Drone x2  
  54  4:00  Drone x3  
  55  4:07  Drone x4  
  57  4:13  Drone x3  
  57  4:15  Drone  
  59  4:22  Lair  
  59  4:31  Metabolic Boost, Drone, Extractor x2  
  59  4:32  Overlord  
  59  4:35  Roach Warren  
  59  4:36  Drone  
  58  4:40  Overlord  
  58  4:45  Overlord  
  58  4:46  Overlord  
  58  4:51  Drone x3  
  61  4:59  Drone x5  
  66  5:00  Drone x4  
  66  5:05  Drone x3  
  66  5:06  Drone  
  73  5:11  Drone  
  74  5:16  Extractor x2  
  72  5:21  Zergling x6  
  72  5:22  Zergling x4  
  72  5:23  Glial Reconstitution  
  72  5:24  Overlord  
  72  5:26  Hatchery  
  76  5:33  Drone x2, Spire  
  76  5:34  Drone  
  78  5:39  Spore Crawler  
  77  5:44  Drone x5  
  77  5:45  Hydralisk Den  
  77  5:46  Spore Crawler  
  77  5:47  Spore Crawler  
  77  5:49  Drone x2  
  81  5:56  Drone x3  
  84  6:01  Overlord  
  84  6:03  Infestation Pit  
  83  6:04  Drone x4  
  83  6:05  Drone, Overlord  
  86  6:14  Lurker Den  
  86  6:16  Drone x4  
  90  6:20  Overlord  
  90  6:36  Drone x3  
  90  6:38  Extractor  
  90  6:39  Spore Crawler  
  87  6:40  Spore Crawler  
  87  6:41  Extractor  
  87  6:42  Hive  
  87  6:43  Hydralisk x7  
  99  6:51  Spore Crawler  
  99  6:52  Drone  
  99  6:53  Drone x4  
  99  6:55  Drone  
  100  7:04  Evolution Chamber  
  99  7:10  Drone  
  99  7:11  Drone x7  
  106  7:25  Evolution Chamber, Drone  
  106  7:26  Drone x2  
  106  7:27  Drone x6  
  114  7:30  Overlord  
  114  7:36  Zerg Melee Weapons Level 1  
  111  7:42  Overlord  
  110  7:48  Hatchery, Drone x3  
  109  7:51  Zerg Ground Armor Level 1  
  109  7:55  Adrenal Glands  
  109  7:57  Hydralisk x8  
  125  7:58  Ultralisk Cavern  
  124  8:08  Drone x2  
  124  8:11  Overlord x2  
  124  8:12  Overseer  
  126  8:13  Lurker x5  
  126  8:14  Lurker x2  
  126  8:18  Drone x3  
  126  8:19  Drone x3  
  136  8:24  Overlord  
  136  8:25  Overlord x2  
  136  8:26  Overlord x2  
  136  8:42  Overlord x2, Viper  
  136  8:43  Viper  
  141  8:58  Chitinous Plating  
  141  9:00  Ultralisk x2  
  141  9:01  Ultralisk  
  159  9:04  Drone  
  159  9:05  Drone x9  
  169  9:15  Extractor  
  169  9:17  Spore Crawler  
  167  9:18  Ultralisk, Extractor  
  167  9:21  Zergling x12  
  178  9:30  Hatchery  
  178  9:31  Zerg Melee Weapons Level 2  
  177  9:33  Ultralisk  
  177  9:57  Greater Spire  
  183  10:07  Ultralisk x3  
  183  10:10  Zergling x10  
  200  10:20  Zerg Ground Armor Level 2  
  200  10:23  Extractor  
  200  10:25  Overseer  
  200  10:26  Overseer x3, Extractor  
  198  10:30  Drone x2  
  198  10:32  Spine Crawler  
  198  10:33  Spine Crawler  
  194  11:04  Corruptor  
  194  11:05  Corruptor x2  
  199  11:14  Zerg Flyer Armor Level 1  
  191  11:37  Brood Lord  
  191  11:38  Brood Lord x2  
  197  11:51  Infestor  
  197  11:53  Zerg Melee Weapons Level 3  
  193  12:29  Zergling x18  
  184  12:42  Zergling x2  
  184  12:43  Zergling x24  
  191  12:49  Lurker  
  191  12:50  Lurker x7  
  199  12:58  Spore Crawler x3  
  193  13:24  Corruptor  
  193  13:25  Corruptor x3  
  198  13:28  Zerg Flyer Weapons Level 1, Muscular Augments  
  198  13:29  Zerg Ground Armor Level 3  
  176  14:02  Mutalisk x2  
  176  14:03  Mutalisk x9  
  198  14:20  Spore Crawler x3  
  198  14:22  Spore Crawler x2  
  198  14:23  Spore Crawler  
  198  14:24  Spore Crawler  
  191  14:34  Zerg Missile Weapons Level 1  
  191  14:38  Mutalisk x3  
  191  14:39  Mutalisk  
  190  15:04  Zergling x2  
  190  15:05  Zergling x18  
  190  15:06  Spore Crawler  
  199  15:09  Spine Crawler  
  198  15:19  Viper  
  178  16:04  Hatchery  
  177  16:16  Mutalisk x11  
  191  16:41  Mutalisk x3  
  191  16:42  Mutalisk  
  186  17:20  Corruptor x4  
  186  17:21  Corruptor x3  
  197  17:47  Mutalisk x3  
  197  17:50  Zerg Flyer Weapons Level 2  
  200  17:52  Spire  
  197  18:12  Mutalisk x3  
  200  18:49  Extractor  
  200  18:51  Extractor  
  192  19:05  Mutalisk x4  
  186  19:17  Mutalisk x7  
  181  20:03  Spore Crawler  
  181  20:04  Mutalisk x5  
  181  20:05  Mutalisk x5  
  197  20:27  Mutalisk x4  
  197  20:39  Spore Crawler x3  
  197  20:40  Spore Crawler x4  
  197  20:41  Spore Crawler x3  
  197  20:42  Viper x5  
  189  20:55  Corruptor x9  
  174  21:10  Corruptor  
  174  21:11  Corruptor x6  
  172  21:29  Mutalisk  
  172  21:30  Mutalisk x13  
  200  22:01  Spore Crawler  
  199  22:02  Zerg Flyer Weapons Level 3, Zerg Flyer Armor Level 2  
  199  22:03  Spore Crawler x2  
  199  22:04  Spore Crawler x2  
  199  22:05  Spore Crawler x2  
  199  22:07  Spore Crawler  
  192  22:09  Spore Crawler  
  191  22:24  Spore Crawler  
  191  22:25  Spore Crawler  
  173  22:59  Brood Lord x4  
  173  23:00  Brood Lord x6  
  173  23:02  Zergling x4  
  173  23:03  Zergling x14  
  186  23:23  Ultralisk x3  
  192  23:36  Corruptor x6  
  199  24:15  Zergling x2  
  132  24:48  Corruptor x8  
  158  24:52  Zergling x2  
  158  24:53  Zergling x6  
Tags
 
Add a new tag
Caveats
  • Supply blocks, unpowered buildings, or Contaminate may cause inaccurate times.
  • Supply counts are checked every 10 seconds.